 Dungeon Crawl Stone Soup version 0.20-a0-949-g916514f (webtiles) character file.

70 M4edhros the Grave Robber (level 4, 0/27 HPs)
             Began as an Octopode Necromancer on Apr 4, 2017.
             Succumbed to an adder's poison
             ... on level 2 of the Dungeon.
             The game lasted 00:03:18 (623 turns).

M4edhros the Grave Robber (Octopode Necromancer)     Turns: 623, Time: 00:03:19

Health: 0/27       AC:  1    Str:  7    XL:     4   Next: 22%
Magic:  2/16       EV: 13    Int: 17    God:
Gold:   52         SH:  0    Dex: 13    Spells: 2/7 levels left

rFire    + . .     SeeInvis .     - Unarmed
rCold    + . .     Gourm    .   (no shield)
rNeg     . . .     Faith    .   (helmet restricted)
rPois    +         Spirit   .   (no amulet)
rElec    +         Reflect  .   i - ring of flight
rCorr    +         Harm     .   m - ring of magical power
MR       .....                  (no ring)
Stlth    +++.......             (no ring)
Regen    0.1/turn               (no ring)
MPRegen  0.2/turn               (no ring)
                                (no ring)
                                (no ring)

@: lethally poisoned (0 -> -2), resistant, flying
A: almost no armour, stealthy swim, amphibious, 8 rings, constrict 8, camouflage
1, gelatinous body 1
a: no special abilities


You were on level 2 of the Dungeon.
You were not hungry.

You visited 1 branch of the dungeon, and saw 2 of its levels.

You collected 52 gold pieces.

Inventory:

Jewellery
 i - a ring of flight (left tentacle)
 m - a ring of magical power (right tentacle)
Scrolls
 c - a scroll of immolation {unknown}
 d - a scroll of amnesia {unknown}
 f - 2 scrolls of teleportation {unknown}
 k - 2 scrolls of remove curse {unknown}
 l - a scroll of noise {unknown}
 o - a scroll of identify {unknown}
Books
 a - a book of Necromancy

   Spells                             Type                      Level
   a - Pain                           Necromancy                   1
   b - Animate Skeleton               Necromancy                   1
   c - Vampiric Draining              Necromancy                   3
   d - Regeneration                   Charms/Necromancy            3
   e - Animate Dead                   Necromancy                   4
   f - Control Undead                 Necromancy                   4
Comestibles
 b - a bread ration
 g - 2 chunks of flesh
 h - a meat ration


   Skills:
 - Level 2.0 Dodging
 - Level 2.6 Stealth
 + Level 3.7 Unarmed Combat
 - Level 2.0 Spellcasting
 - Level 4.0 Necromancy


You had 2 spell levels left.
You knew the following spells:

 Your Spells              Type           Power        Failure   Level  Hunger
a - Pain                  Necr           ###.         3%          1    #......
b - Animate Skeleton      Necr           N/A          3%          1    #......
c - Regeneration          Chrm/Necr      #.........   24%         3    ###....


Dungeon Overview and Level Annotations

Branches:
Dungeon (2/15)

Altars:


Innate Abilities, Weirdness & Mutations

You cannot wear most types of armour.
You are very stealthy in the water. (Stealth+)
You are amphibious.
You can wear up to eight rings at the same time.
You can use your tentacles to constrict eight enemies at once.
Your skin changes colour to match your surroundings (Stealth+).
Your rubbery body absorbs attacks. (AC +1, EV +1)


Message History

You feel magically purged.
Your magical contamination has completely faded away.
You feel a little less mighty now.
* * * LOW HITPOINT WARNING * * *
You feel sick.
It was a potion of flight.
You feel very buoyant.
You fly up into the air.
It was a potion of resistance.
You feel protected.
* * * LOW HITPOINT WARNING * * *
You feel sick.
* * * LOW HITPOINT WARNING * * *
You feel sick.
* * * LOW HITPOINT WARNING * * *
You feel sick.
Unknown command.
You aren't carrying any potions.
Okay, then.
You die...

#.... #.#......
.....##.........
#...........#.#
.............
#.........##.
#............
#...†.....#
#...@)....#
#....<....+
#.........#
###########


There were no monsters in sight!

Vanquished Creatures
  Jessica (D:2)
  2 adders (D:2)
  A leopard gecko (D:1)
  A giant cockroach (D:1)
  3 hobgoblins
  2 kobolds (D:1)
  4 bats
  2 frilled lizards (D:2)
  5 goblins (D:1)
  4 rats (D:1)
25 creatures vanquished.

Vanquished Creatures (collateral kills)
  A dart slug (D:1)
  A goblin (D:1)
2 creatures vanquished.

Grand Total: 27 creatures vanquished

Notes
Turn   | Place    | Note
-------+----------+-------------------------------------------
     0 | D:1      | M4edhros the Octopode Necromancer began the quest for the Orb.
     0 | D:1      | Reached XP level 1. HP: 11/11 MP: 3/3
    66 | D:1      | Learned a level 1 spell: Animate Skeleton
   102 | D:2      | Reached skill level 1 in Unarmed Combat
   193 | D:1      | Reached XP level 2. HP: 15/17 MP: 5/5
   475 | D:2      | Noticed Jessica
   484 | D:2      | Reached XP level 3. HP: 14/21 MP: 6/6
   486 | D:2      | Killed Jessica
   513 | D:2      | Learned a level 3 spell: Regeneration
   593 | D:2      | Reached XP level 4. HP: 16/27 MP: 7/7
   619 | D:2      | HP: 1/27 [poisoned by an adder]
   623 | D:2      | Succumbed to an adder's poison

Vault maps used:
D:1:      onia_arrival_mini_maze, minmay_small_reverse_x
D:2:      st_stairs_11, minmay_misc_feat_alley, okawaru_ov_weapons_minmay,
          uniq_jessica

Skill      XL: |  1  2  3 |
---------------+----------+-----
Unarmed Combat | 1 2 3 |  3.7
Dodging        | |  2.0
Stealth        | |  2.6
Spellcasting   | |  2.0
Necromancy     | |  4.0

Action                   |  1- 3 |  4- 6 || total
-------------------------+-------+-------++-------
Melee: Unarmed           |    52 |     5 ||    57
       Constrict         |    17 |     1 ||    18
       Tentacles         |    14 |     1 ||    15
 Cast: Pain              |     9 |       ||     9
       Animate Skeleton  |     9 |       ||     9
       Regeneration      |     1 |     2 ||     3
  Use: Potion            |       |     4 ||     4
 Stab: Sleeping          |     5 |       ||     5
Armor: Skin              |     8 |       ||     8
Dodge: Dodged            |    49 |     3 ||    52
